 Dungeon Sprint DCSS version 0.22.1-2-g9c5b331383 (webtiles) character file.

431 Nattfarinn the Unseen (level 6, -3/44 HPs)
             Began as a Vampire Assassin on Nov 28, 2018.
             Was an Initiate of Kikubaaqudgha.
             Slain by Sonja
             ... wielding a +1 dagger of distortion
              (16 damage)
             ... in the Dungeon (Sprint I: "Red Sonja").
             The game lasted 00:04:18 (494 turns).

Nattfarinn the Unseen (Vampire Assassin)             Turns: 494, Time: 00:04:19

Health: -3/44      AC:  3    Str: 10    XL:     6   Next: 66%
Magic:  6/6        EV: 15    Int: 14    God:    Kikubaaqudgha [......]
Gold:   297        SH:  0    Dex: 17    Spells: 5/5 levels left

rFire    . . .     SeeInvis +   a - +2 dagger
rCold    . . .     Gourm    .   (no shield)
rNeg     + . .     Faith    .   c - +0 robe
rPois    .         Spirit   .   (no helmet)
rElec    .         Reflect  .   d - +0 cloak
rCorr    .         Harm     .   (no gloves)
MR       .....     NoTele   +   (no boots)
Stlth    +++++++...             (no amulet)
HPRegen  0.14/turn              (no ring)
MPRegen  0.10/turn              (no ring)

@: hasted, very quick
A: fangs 3, see invisible, unbreathing
a: Bat Form, Renounce Religion


You were in the Dungeon.
You worshipped Kikubaaqudgha.
Kikubaaqudgha was noncommittal.
You were not thirsty.

You visited 1 branch You collected 297 gold pieces.

Inventory:

Hand Weapons
 a - a +2 dagger (weapon)
 b - a +0 blowgun
Missiles
 e - 8 poisoned needles
 f - 2 curare-tipped needles
Armour
 c - a +0 robe (worn)
 d - a +0 cloak (worn)
Wands
 g - a wand of flame (17)
Scrolls
 m - a scroll of blinking
Potions
 i - a potion of heal wounds
 k - 3 potions of magic
 l - a potion of berserk rage
 q - a potion of blood


   Skills:
 - Level 1.7 Fighting
 + Level 5.5 Short Blades
 - Level 1.5 Throwing
 + Level 5.1 Dodging
 - Level 18.6 Stealth


You had 5 spell levels left.
You didn't know any spells.
Your spell library was empty.

Dungeon Overview and Level Annotations

Branches:
Dungeon (1/1)

Altars:
Cheibriados
Dithmenos
Elyvilon
Fedhas
Gozag
Hepliaklqana
Kikubaaqudgha
Nemelex Xobeh
Okawaru
Qazlal
Ru
Sif Muna
Trog
Uskayaw
Vehumet
Wu Jian
Yredelemnul
Zin
The Shining One

Shops:
D }

Annotations:
D Sonja


Innate Abilities, Weirdness & Mutations

You have razor-sharp teeth.
You have supernaturally acute eyesight. (SInv)
You can survive without breathing.


Message History

You close the door.
Sonja opens the door.
You close the door.
Sonja opens the door.
You close the door.
You feel yourself speed up.
Sonja opens the door.
Sonja shoots a curare-tipped needle.
The curare-tipped needle misses you.
Sonja says, "I'm academy-trained, you know."
Sonja unwields an uncursed blowgun.
Sonja wields an uncursed dagger of distortion.
Its appearance distorts for a moment.
Sonja completely misses you. Sonja closely misses you. Sonja barely misses you.
There is an open door here.
You hit Sonja but do no damage.
Okay, then.
You miss Sonja.
Sonja hits you with an uncursed dagger of distortion.
* * * LOW HITPOINT WARNING * * *
Space warps horribly around you!
You die...
Kikubaaqudgha rasps: "You have failed me!
Welcome... oblivion!"

#<.#.)').#.)'..#
#..'..#..'..#..+
#..#####'#####.#
#..####..#...#)#
#..#__####..##(#
#..#_____##'#_.+
#⌠⌠#_.∩...'.(._#
####_..__##_K#+#
#_____###@#
#########.##
+$.$+ #$.$#
##(## #+#


You could see Sonja.

Vanquished Creatures
  Sigmund (D)
  A yak (D)
  An ogre (D)
  A jelly (D)
  Ijyb (D)
5 creatures vanquished.

Notes
Turn   | Place    | Note
-------+----------+-------------------------------------------
     0 | D        | Nattfarinn the Vampire Assassin began the quest for the
                  | Orb.
     0 | D        | Reached XP level 1. HP: 16/16 MP: 1/1
     2 | D        | Noticed Ijyb
     4 | D        | Killed Ijyb
     4 | D        | Reached skill level 10 in Stealth
     4 | D        | Reached XP level 2. HP: 22/22 MP: 2/2
     9 | D        | Noticed an ogre
    19 | D        | Killed an ogre
    19 | D        | Reached skill level 14 in Stealth
    19 | D        | Reached XP level 3. HP: 13/27 MP: 3/3
    19 | D        | Reached XP level 4. HP: 16/33 MP: 4/4
   170 | D        | Noticed Sigmund
   173 | D        | Killed Sigmund
   173 | D        | Reached skill level 18 in Stealth
   173 | D        | Reached XP level 5. HP: 38/38 MP: 5/5
   197 | D        | Found a deep blue altar of Sif Muna.
   198 | D        | Found an ornate altar of the Wu Jian Council.
   209 | D        | Reached XP level 6. HP: 12/44 MP: 6/6
   436 | D        | Found a radiant altar of Vehumet.
   456 | D        | Found Gomimur's Gadget Emporium.
   456 | D        | Found an ancient bone altar of Kikubaaqudgha.
   456 | D        | Found a hazy altar of Hepliaklqana.
   456 | D        | Found a hide-covered altar of Uskayaw.
   456 | D        | Found a basalt altar of Yredelemnul.
   456 | D        | Found an opulent altar of Gozag.
   456 | D        | Found a snail-covered altar of Cheibriados.
   456 | D        | Found a sacrificial altar of Ru.
   456 | D        | Found a shadowy altar of Dithmenos.
   456 | D        | Noticed a yak
   457 | D        | Found a stormy altar of Qazlal.
   457 | D        | Found a blossoming altar of Fedhas.
   457 | D        | Found a bloodstained altar of Trog.
   457 | D        | Found an iron altar of Okawaru.
   457 | D        | Found a glowing golden altar of the Shining One.
   457 | D        | Found a glowing silver altar of Zin.
   457 | D        | Found a white marble altar of Elyvilon.
   458 | D        | Killed a yak
   458 | D        | Reached skill level 5 in Short Blades
   458 | D        | Reached skill level 5 in Dodging
   459 | D        | Found a sparkling altar of Nemelex Xobeh.
   467 | D        | Became a worshipper of Kikubaaqudgha
   478 | D        | Noticed Sonja
   494 | D        | Slain by Sonja

Skill      XL: |  1  2  3  4  5  6 |
---------------+-------------------+-----
Stealth        | 10 14 18 | 18.6
Short Blades   | 5 |  5.5
Dodging        | 5 |  5.1
Fighting       | |  1.7
Throwing       | |  1.5

Action                   |  1- 3 |  4- 6 || total
-------------------------+-------+-------++-------
Melee: Dagger            |    11 |    12 ||    23
       Bite              |       |     2 ||     2
  Use: Potion            |       |     2 ||     2
 Stab: Sleeping          |     1 |     2 ||     3
Armor: Robe              |       |     4 ||     4
Dodge: Dodged            |     6 |    14 ||    20
